 Dungeon Crawl Stone Soup version 0.16.0-11-gd45b091 (console) character file.

109 gw the Sneak (level 4, -1/22 HPs)
             Began as a Spriggan Enchanter on Mar 18, 2015.
             Was an Initiate of Nemelex Xobeh.
             Killed from afar by Crazy Yiuf (11 damage)
             ... with a wand of flame
             ... on level 2 of the Dungeon.
             The game lasted 00:02:34 (5172 turns).

gw the Sneak (Spriggan Enchanter)                   Turns: 5172, Time: 00:02:34

Health: -1/22      AC:  3    Str:  4    XL:     4   Next: 60%
Magic:  6/15       EV: 18    Int: 17    God:    Nemelex Xobeh [......]
Gold:   60         SH:  5    Dex: 16    Spells: 5 memorised, 0 levels left

rFire  . . .     SeeInvis +     a - +1 dagger
rCold  . . .     Clarity  .     b - +1 robe
rNeg   . . .     SustAb   .     e - +0 buckler
rPois  .         Gourm    .     (helmet restricted)
rElec  .         Spirit   .     (no cloak)
rCorr  .         Warding  .     (gloves unavailable)
rMut   .         Stasis   .     (boots unavailable)
MR     .....                    f - amulet of inaccuracy (curse)
Stlth  +++.......               (no ring)
                                (no ring)

@: bonded with blade, very slightly contaminated, very quick, not resistant to
hostile enchantments, fairly stealthy
A: unfitting armour, see invisible, herbivore 3, speed 3, slow metabolism 2
a: Renounce Religion


You were on level 2 of the Dungeon.
You worshipped Nemelex Xobeh.
Nemelex Xobeh was noncommittal.
You were not hungry.

You visited 1 branch of the dungeon, and saw 2 of its levels.

You collected 60 gold pieces.

Inventory:

Hand weapons
 a - a +1 dagger (weapon)
Missiles
 h - 55 sling bullets
Armour
 b - a +1 robe (worn)
 e - a +0 buckler (worn)
Jewellery
 f - a cursed amulet of inaccuracy (around neck)
Scrolls
 d - a scroll of remove curse {unknown}
 i - a scroll of immolation {unknown}
Potions
 g - a potion of poison {unknown}
 j - 4 potions of curing
 l - a potion of might
Books
 c - a book of Maledictions

   Spells                             Type                      Level
   a - Corona                         Hexes                        1
   b - Sure Blade                     Hexes/Charms                 2
   c - Ensorcelled Hibernation        Hexes/Ice                    2
   d - Confuse                        Hexes                        3
   e - Dazzling Spray                 Conjuration/Hexes            3
   f - Enslavement                    Hexes                        4


   Skills:
 + Level 1.2 Fighting
 + Level 1.7 Short Blades
 + Level 3.9 Dodging
 - Level 4.4 Stealth
 + Level 0.9 Shields
 + Level 4.1 Spellcasting
 * Level 4.0 Hexes
 * Level 0.0 Evocations


You couldn't memorise any spells.
You knew the following spells:

 Your Spells              Type           Power        Failure   Level  Hunger
a - Corona                Hex            ###....      6%          1    None
b - Ensorcelled Hibernat  Hex/Ice        ##....       17%         2    ##.....
c - Sure Blade            Hex/Chrm       ##........   17%         2    ##.....
d - Confuse               Hex            ###.....     14%         3    ###....
e - Dazzling Spray        Conj/Hex       ##......     34%         3    ###....


Dungeon Overview and Level Annotations

Branches:
Dungeon (2/15)

Altars:
Nemelex Xobeh

Annotations:
D:2 Crazy Yiuf


Innate Abilities, Weirdness & Mutations

You are tiny and cannot use many weapons and most armour.
You have supernaturally acute eyesight.
You are a herbivore.
You cover ground extremely quickly.
You need consume almost no food.


Message History

Unknown command.
Casting: Sure Blade
Confirm with . or Enter, or press ? or * to list all spells.
Your bond becomes stronger.
Crazy Yiuf zaps a wand.
The puff of flame hits you!
It is a wand of flame.
You aren't carrying any food.
Crazy Yiuf drinks a potion.
Crazy Yiuf seems to speed up.
There isn't anything here!
Unknown command.
Unknown command.
Unknown command.
Casting: Sure Blade
Confirm with . or Enter, or press ? or * to list all spells.
Your bond becomes stronger.
Crazy Yiuf zaps a wand.
The puff of flame hits you!
You aren't carrying any food.
Crazy Yiuf says, "Crazy?
Crazy!?
PORCUPINE!"
Crazy Yiuf zaps a wand.
The puff of flame hits you!
Ouch! That really hurt!
You die...
Your body disappears without a glow.

####77 ### ###### ##....77
#..)# #....#
#......7777g....# #....#
#.......7i.7 #....#
#.#....7.777 #....#
#.###77777 #....# #.#
##.### #.# ### ### ####%..#
#.# ##.#####.# #......##
#.###.....##.# #.......#
#.##..###..#.# #.####..#
##....##.##...####.......##


You could see Crazy Yiuf.

Table legend:
 A = Turns spent in this place as a percentage of turns spent in the entire game.
 B = Non-inter-level travel turns spent in this place as a percentage of non-inter-level travel turns spent in the entire game.
 C = Inter-level travel turns spent in this place as a percentage of turns spent in this place.
 D = Turns resting spent in this place as a percentage of non-inter-level travel turns spent in this place.
 E = Turns spent auto-exploring this place as a percentage of non-inter-level travel turns spent in this place.
 F = Non-inter-level travel turns spent in this place divided by the number of levels of this place that you've seen.
                   A       B       C       D       E      F
               +-------+-------+-------+-------+-------+----------------------
         Total | 100.0 | 100.0 |   0.1 |   3.3 |   1.5 | 2387.5
       Dungeon | 100.0 | 100.0 |   0.1 |   3.3 |   1.5 | 2387.5
               +-------+-------+-------+-------+-------+----------------------

Table legend:
 A = Kills in this place as a percentage of kills in entire the game.
 B = Kills by you in this place as a percentage of kills by you in the entire game.
 C = Kills by friends in this place as a percentage of kills by friends in the entire game.
 D = Other kills in this place as a percentage of other kills in the entire game.
 E = Experience gained in this place as a percentage of experience gained in the entire game.
 F = Experience gained in this place divided by the number of levels of this place that you have seen.
                   A       B       C       D       E      F
               +-------+-------+-------+-------+-------+----------------------
         Total | 100.0 | 100.0 |  -nan | 100.0 | 100.0 |  78.5
       Dungeon | 100.0 | 100.0 |  -nan | 100.0 | 100.0 |  78.5
               +-------+-------+-------+-------+-------+----------------------

Vanquished Creatures
  Jessica (D:2)
  Robin (D:2)
  An adder (D:2)
  A worm (D:2)
  A giant gecko (D:1)
  6 oozes
  An orc (D:2)
  5 bats
  2 giant cockroaches
  14 goblins
  5 hobgoblins
  4 kobolds
  2 quokkas (D:2)
  A ball python (D:2)
  5 giant newts
  9 rats
59 creatures vanquished.

Notes
Turn   | Place    | Note
--------------------------------------------------------------
     0 | D:1      | gw, the Spriggan Enchanter, began the quest for the Orb.
     0 | D:1      | Reached XP level 1. HP: 9/9 MP: 4/4
   236 | D:1      | Reached XP level 2. HP: 13/13 MP: 1/8
   301 | D:1      | Learned a level 2 spell: Ensorcelled Hibernation
   304 | D:1      | Learned a level 2 spell: Sure Blade
  2428 | D:2      | Reached XP level 3. HP: 16/16 MP: 0/11
  2517 | D:2      | Learned a level 3 spell: Confuse
  2954 | D:2      | Reached skill level 1 in Fighting
  3917 | D:2      | Noticed Jessica
  3929 | D:2      | Killed Jessica
  3929 | D:2      | Reached XP level 4. HP: 19/22 MP: 1/14
  4450 | D:2      | Noticed Robin
  4458 | D:2      | Killed Robin
  4669 | D:2      | Learned a level 3 spell: Dazzling Spray
  4996 | D:2      | Found a sparkling altar of Nemelex Xobeh.
  5002 | D:2      | Became a worshipper of Nemelex Xobeh the Trickster
  5161 | D:2      | Noticed Crazy Yiuf
  5172 | D:2      | Killed from afar by Crazy Yiuf

Action                   |  1- 3 |  4- 6 || total
-------------------------+-------+-------++-------
Melee: Dagger            |   109 |    62 ||   171
 Cast: Corona            |    50 |    15 ||    65
       Sure Blade        |    61 |    27 ||    88
       Ensorcelled Hiber |    22 |     6 ||    28
       Confuse           |    13 |     8 ||    21
       Dazzling Spray    |       |     2 ||     2
  Use: Potion            |     3 |       ||     3
       Scroll            |     2 |       ||     2
  Eat: Bread ration      |     1 |     1 ||     2

Vault maps used:
D:1:      evilmike_arrival_hilbert_curve
D:2:      roderic_aztec_sauvastika, nemelex_dance_club_becter, uniq_jessica,
          uniq_robin, uniq_crazy_yiuf_cottage
